 Dungeon Crawl Stone Soup version 0.30.0-13-g156ef70053 (webtiles) character file.

Game seed: 7821147152266702229

101389 AlmostDecent the Crack Shot (level 16, -4/108 HPs)
             Began as a Gargoyle Hunter on May 17, 2023.
             Was a High Priest of Okawaru.
             Slain by an ironbound frostheart (10 damage)
             ... in an ice cave.
             The game lasted 01:28:46 (22643 turns).

AlmostDecent the Crack Shot (Gargoyle Hunter)      Turns: 22643, Time: 01:28:47

Health: -4/108     AC: 36    Str: 21      XL:     16   Next: 30%
Magic:  5/6        EV: 10    Int:  8 (10) God:    Okawaru [*****.]
Gold:   1617       SH:  5    Dex: 22      Spells: 15/15 levels left

rFire   x . .        m - +3 longbow of the Thing {antimagic, Stlth+}
rCold   + + .        (shield currently unavailable)
rNeg    + + +        F - +2 chain mail of Cegobit {rF+ rN+ Str+4}
rPois   ∞            L - +4 hat "Oclav" {rPois rF- Will+ Dex+3}
rElec   +            e - +0 cloak
rCorr   .            K - +1 pair of gloves of the Constellations {rPois rN+ Slay+3}
SInv    .            x - +0 pair of boots
Will    ++...        G - amulet of reflection
Stlth   +            J - ring of ice
HPRegen 0.38/turn    f - ring of protection from cold
MPRegen 0.10/turn

%: reflection
@: frozen, flying, studying 2 skills, very slow
A: sickness immunity, AC +12, big wings, negative energy resistance 1,
electricity resistance, torment resistance 1, petrification resistance
a: Renounce Religion, Heroism, Finesse, Duel


You were in an ice cave.
You worshipped Okawaru.
Okawaru was extremely pleased with you.
You visited 3 branches of the dungeon, and saw 22 of its levels.
You also visited: Ossuary and Ice Cave.

You collected 2162 gold pieces.
You spent 545 gold pieces at shops.

Inventory:

Hand Weapons
 i - a +9 longbow of electrocution
 m - the +3 longbow of the Thing (weapon) {antimagic, Stlth+}
   (You acquired it on level 11 of the Dungeon)

   Stlth:     It makes you more stealthy.
 r - the +7 dagger "Xaamoab" {holy, rN+ Will- SInv}
   (You found it on level 12 of the Dungeon)

   rN:        It protects you from negative energy.
   SInv:      It lets you see invisible.
   Will:      It decreases your willpower.
 v - the +0 double sword of Bodily Humours {venom, rPois rC+}
   (Okawaru gifted it to you on level 4 of the Lair of Beasts)

   rC:        It protects you from cold.
   rPois:     It protects you from poison.
 C - the +7 flail of Pykhefui {freeze, *Slow rCorr Dex+6 Stlth+}
   (You found it on level 8 of the Dungeon)

   Dex:       It affects your dexterity (+6).
   rCorr:     It protects you from acid and corrosion.
   *Slow:     It may slow you when you take damage.
   Stlth:     It makes you more stealthy.
Missiles
 o - a throwing net
Armour
 e - a +0 cloak (worn)
 x - a +0 pair of boots (worn)
 F - the +2 chain mail of Cegobit (worn) {rF+ rN+ Str+4}
   (Okawaru gifted it to you on level 2 of the Orcish Mines)

   Str:       It affects your strength (+4).
   rF:        It protects you from fire.
   rN:        It protects you from negative energy.
 K - the +1 pair of gloves of the Constellations (worn) {rPois rN+ Slay+3}
   (Okawaru gifted it to you on level 11 of the Dungeon)

   Slay:      It affects your accuracy & damage with ranged weapons and melee
   (+3).
   rPois:     It protects you from poison.
   rN:        It protects you from negative energy.
 L - the +4 hat "Oclav" (worn) {rPois rF- Will+ Dex+3}
   (Okawaru gifted it to you on level 5 of the Lair of Beasts)

   Dex:       It affects your dexterity (+3).
   rF:        It makes you vulnerable to fire.
   rPois:     It protects you from poison.
   Will:      It increases your willpower.
Jewellery
 f - a ring of protection from cold (right hand)
 t - a +5 ring of evasion
 G - an amulet of reflection (around neck)
 I - a +6 ring of strength
 J - a ring of ice (left hand)
Wands
 a - a wand of mindburst (13)
 w - a wand of polymorph (11)
 z - a wand of iceblast (5)
 A - a wand of light (17)
 E - a wand of digging (7)
Scrolls
 b - a scroll of immolation
 c - a scroll of torment
 d - 6 scrolls of identify
 g - a scroll of poison
 h - 2 scrolls of magic mapping
 n - 3 scrolls of amnesia
 q - a scroll of teleportation
 s - 2 scrolls of blinking
 y - 3 scrolls of enchant armour
 M - a scroll of silence
 N - a scroll of fear
Potions
 j - 6 potions of mutation
 k - 4 potions of lignification
 l - 5 potions of brilliance
 p - 2 potions of curing
 u - 4 potions of cancellation
 B - 2 potions of resistance
 H - 4 potions of berserk rage
Miscellaneous
 P - a phial of floods


   Skills:
 * Level 15.6 Fighting
 + Level 1.3 Long Blades
 + Level 3.3 Maces & Flails
 - Level 21.1 Ranged Weapons
 + Level 12.2 Armour
 + Level 1.8 Dodging
 + Level 1.1 Stealth
 + Level 6.5 Shields
 + Level 2.9 Invocations


You had 15 spell levels left.
You didn't know any spells.
Your spell library contained the following spells:

 Spells                   Type           Power      Damage    Failure   Level
 Necrotise                Necr           0%         1d4       90%         1
 Sandblast                Erth           0%         2d4       90%         1
 Shock                    Conj/Air       0%         1d3       90%         1
 Passwall                 Tmut/Erth      0%         N/A       97%         2
 Scorch                   Fire           0%         2d5       97%         2
 Confusing Touch          Hex            0%         N/A       99%         3
 Gell's Gravitas          Tloc           0%         N/A       99%         3
 Hailstorm                Conj/Ice       0%         3d3       99%         3
 Inner Flame              Hex/Fire       0%         N/A       99%         3
 Portal Projectile        Hex/Tloc       0%         N/A       99%         3
 Stone Arrow              Conj/Erth      0%         3d7       99%         3
 Swiftness                Air            0%         N/A       99%         3
 Teleport Other           Tloc           0%         N/A       99%         3
 Vampiric Draining        Necr           0%         2d6       99%         3
 Airstrike                Air            0%         2d(0-16)  100%        4
 Flame Wave               Conj/Fire      0%         2d4       100%        4
 Fulminant Prism          Conj/Hex       0%         3d5       100%        4
 Ice Form                 Ice/Tmut       0%         N/A       100%        4
 Passage of Golubria      Tloc           0%         N/A       100%        4
 Sticky Flame             Conj/Fire      0%         2d3       100%        4
 Agony                    Necr           0%         N/A       100%        5
 Blade Hands              Tmut           0%         N/A       100%        5
 Iskenderun's Battlesphe  Conj           0%         2d6       100%        5
 Metabolic Englaciation   Hex/Ice        0%         N/A       100%        5
 Silence                  Hex/Air        0%         N/A       100%        5
 Yara's Violent Unravell  Hex/Tmut       0%         3d3       100%        5
 Dispersal                Tloc           0%         N/A       100%        6
 Iron Shot                Conj/Erth      0%         9d1       100%        6
 Ozocubu's Refrigeration  Ice            0%         4d7       100%        7
 Lehudib's Crystal Spear  Conj/Erth      0%         10d2      100%        8
 Polar Vortex             Ice            0%         N/A       100%        9
 Tukima's Dance           Hex            Unusable   N/A       N/A         3
 Simulacrum               Ice/Necr       Unusable   N/A       N/A         6
 Spellforged Servitor     Conj/Summ      Unusable   N/A       N/A         7

Dungeon Overview and Level Annotations

Branches:
Dungeon (15/15)            Temple (0/1) D:4            Lair (5/5) D:11
  Swamp (0/4) Lair:3       Spider (0/4) Lair:3        Slime (0/5) Lair:4
    Orc (2/2) D:9             Elf (0/3) Orc:2        Vaults (0/5) D:13
Ossuary (visited)           IceCv (1/1)
 Depths: D:15

Altars:
Cheibriados
Gozag
Hepliaklqana
Kikubaaqudgha
Nemelex Xobeh
Okawaru
Sif Muna
Trog
Uskayaw
Wu Jian
Xom
Jiyva

Shops:
D:4 :[   D:6 ?   D:11 [   D:15 :   Orc:2 ([=*[

Annotations:
D:7 1 runed translucent door, Crazy Yiuf
D:8 1 transporter


Innate Abilities, Weirdness & Mutations

You are immune to sickness and miasma.
Your stone body is resilient. (AC +12)
You are immune to poison.
Your large and strong wings let you fly.
You resist negative energy. (rN+)
You are resistant to electric shocks. (rElec)
You are resistant to unholy torment.
You are immune to petrification.


Message History

The frost giant casts a spell at you.
The bolt of cold hits the polar bear!
The polar bear resists.
The polar bear growls angrily.
The bolt of cold hits you. You resist.
* * * LOW HITPOINT WARNING * * *
You hear a horrible gurgling sound!
Okay, then.
As you read the scroll of teleportation, it crumbles to dust.
You feel strangely unstable.
The frost giant points at you and mumbles some strange words.
The bolt of cold hits the polar bear!
The polar bear resists.
The bolt of cold hits you. You resist.
* * * LOW HITPOINT WARNING * * *
Found 28 gold pieces.
Found 20 gold pieces.
The rime drake breathes ice at you.
The icy flash freeze hits you but does no damage.
You are encased in ice.
Found 10 gold pieces and a halberd of freezing.
Your surroundings suddenly seem different. 3 ironbound frosthearts come into view.
Found a dark potion.
You feel like a meek peon again.
The ironbound frostheart shouts! x2; You hear a roar!
The ironbound frostheart shouts!
The ironbound frostheart calls freezing cold from the walls.
The frost grips you! You resist.
* * * LOW HITPOINT WARNING * * *
You block the ironbound frostheart's attack.
The ironbound frostheart calls freezing cold from the walls.
The frost grips you! You resist.
* * * LOW HITPOINT WARNING * * *
You feel better.
The ironbound frostheart calls freezing cold from the walls.
The frost grips you. You resist.
* * * LOW HITPOINT WARNING * * *
The ironbound frostheart touches you.
* * * LOW HITPOINT WARNING * * *
The ironbound frostheart freezes you! You resist.
You die...

####
##...
##
##..∩.
.## #
#.....
.p .#
#...∩.
.# #. #
##..÷÷
#.#. .#
##...
#p!#p#
#...
#@.#
##..
####
##..
##...
#...#
#.[##
## #
##..#
#.#.
##..
..##
####..
#..#
##.#...


You could see 3 ironbound frosthearts.

Vanquished Creatures
  Gastronok (D:8)
  Kirke (Lair:4)
  An orc warlord (Orc:2)
  The ghost of superbruh the Geomancer, a journeyman GrEE of Sif Muna (Lair:5)
  An ettin (D:15)
  10 hydras
  3 ice dragons (IceCv)
  3 centaur warriors
  2 ogre magi
  A boulder beetle (Lair:2)
  4 ironbound frosthearts (IceCv)
  12 two-headed ogres
  2 tengu warriors (D:13)
  Urug (Lair:4)
  5 orc high priests
  Sonja (Lair:1)
  Amaemon (Lair:3)
  A goliath frog (Lair:5)
  5 skysharks
  3 deep trolls
  3 wizards
  2 spriggan simulacra (D:15)
  11 orc knights
  A necromancer (D:13)
  An orange crystal statue (IceCv)
  A deep elf zephyrmancer (D:15)
  An orc sorcerer (Orc:2)
  11 cyclopes
  2 manticores
  4 deep elf pyromancers
  12 ugly things
  4 black mambas
  7 elephants (Lair:5)
  An orange demon (Lair:3)
  Maurice (D:9)
  16 cane toads
  Maggie (D:7)
  A freezing wraith (D:14)
  3 komodo dragons
  12 rime drakes
  An efreet (D:15)
  An unseen horror (D:10)
  A tengu conjurer (D:14)
  An anaconda simulacrum (D:15)
  10 trolls
  2 tyrant leeches
  5 polar bears
  Grinder (D:6)
  18 blink frogs
  7 dream sheep (Lair:3)
  Sigmund (D:5)
  5 slime creatures (D:13)
  2 shadows
  A wraith (D:12)
  A vampire (D:11)
  28 yaks
  A dire elephant simulacrum (D:15)
  A human (Lair:4)
  7 wyverns
  5 hogs (Lair:4)
  Eustachio (D:5)
  13 vampire mosquitoes
  7 basilisks
  A minotaur simulacrum (D:15)
  2 steam dragons
  7 wargs
  Menkaure (D:5)
  4 swamp worms (Lair:3)
  An acid dragon (D:11)
  10 water moccasins
  A hell hound (Lair:5)
  2 sky beasts
  41 orc warriors
  3 ice beasts
  3 black bears (D:11)
  8 ogres
  4 wolves (Lair:3)
  9 centaurs
  6 kobold brigands
  2 phantoms
  2 elf zombies (Ossuary)
  2 gnoll sergeants (D:9)
  15 bullfrogs
  10 scorpions
  3 deep troll simulacra (D:15)
  4 killer bees (D:10)
  6 howler monkeys
  An electric eel (Lair:5)
  2 centaur zombies (Ossuary)
  A human zombie (Ossuary)
  6 jellies
  9 orc priests
  2 hounds
  A gnoll bouda (D:9)
  22 hell rats
  3 iguanas
  14 orc wizards
  2 mummies (Ossuary)
  4 gnolls (D:9)
  12 adders
  2 ufetubi
  2 adder zombies (Ossuary)
  2 worms (Lair:3)
  4 dart slugs
  79 orcs
  6 endoplasms
  4 giant cockroaches
  5 goblins
  7 hobgoblins
  2 jackals (D:2)
  20 kobolds
  3 quokkas
  5 ball pythons
  6 bats
  3 frilled lizards
  15 hobgoblin zombies (Ossuary)
  3 jackal zombies (Ossuary)
  8 kobold zombies (Ossuary)
  4 orc zombies (Ossuary)
  8 rats
688 creatures vanquished.

Notes
Turn   | Place    | Note
-------+----------+-------------------------------------------
     0 | D:1      | AlmostDecent the Gargoyle Hunter began the quest for the
                  | Orb.
     0 | D:1      | Reached XP level 1. HP: 12/12 MP: 1/1
   163 | D:1      | Reached XP level 2. HP: 17/17 MP: 2/2
   692 | D:2      | Reached XP level 3. HP: 20/22 MP: 3/3
   735 | D:2      | Reached skill level 5 in Ranged Weapons
   875 | D:2      | Reached XP level 4. HP: 27/27 MP: 4/4
  1170 | D:3      | Reached skill level 1 in Armour
  1400 | D:3      | Found a large runed translucent door.
  1402 | D:3      | Found a large runed translucent door.
  1416 | D:3      | Found an ancient bone altar of Kikubaaqudgha.
  1421 | D:3      | Found an iron altar of Okawaru.
  1426 | D:3      | Became a worshipper of Warmaster Okawaru
  1635 | D:3      | Reached XP level 5. HP: 31/31 MP: 5/5
  1954 | D:4      | Noticed a phantom
  1967 | D:4      | Killed a phantom
  1968 | D:4      | Reached skill level 6 in Ranged Weapons
  1975 | D:4      | Found Vosec's Armour Emporium.
  2007 | D:4      | Reached XP level 6. HP: 36/36 MP: 6/6
  2066 | D:4      | Reached * piety under Okawaru
  2067 | D:4      | Reached skill level 7 in Ranged Weapons
  2334 | D:4      | Found Oqoepp's Book Emporium.
  2462 | D:4      | Found a staircase to the Ecumenical Temple.
  2498 | D:5      | Entered Level 5 of the Dungeon
  2535 | D:5      | Reached XP level 7. HP: 41/41 MP: 7/7
  2550 | D:5      | Found a shimmering altar of Xom.
  2591 | D:5      | Found an opulent altar of Gozag.
  2666 | D:5      | Reached skill level 8 in Ranged Weapons
  2840 | D:5      | Noticed Eustachio
  2922 | D:5      | Killed Eustachio
  2997 | D:5      | Reached XP level 8. HP: 46/46 MP: 8/8
  3016 | D:5      | Noticed Sigmund
  3073 | D:5      | Killed Sigmund
  3074 | D:5      | Reached skill level 9 in Ranged Weapons
  3287 | D:5      | Found a snail-covered altar of Cheibriados.
  3374 | D:5      | Noticed Menkaure
  3379 | D:5      | Killed Menkaure
  3799 | D:6      | Noticed Grinder
  3816 | D:6      | Killed Grinder
  3817 | D:6      | Reached skill level 10 in Ranged Weapons
  3829 | D:6      | Found a sand-covered staircase.
  3854 | Ossuary  | Entered an ossuary
  3972 | Ossuary  | Reached XP level 9. HP: 30/52 MP: 9/9
  4193 | D:6      | Found a sparkling altar of Nemelex Xobeh.
  4202 | D:6      | Reached ** piety under Okawaru
  4241 | D:6      | Reached skill level 11 in Ranged Weapons
  4339 | D:6      | Reached skill level 5 in Fighting
  4461 | D:6      | Found a shimmering blue altar of Sif Muna.
  4882 | D:6      | Found Loruuc's Magic Scroll Emporium.
  4885 | D:6      | Bought a scroll of identify for 30 gold pieces
  4885 | D:6      | Bought a scroll of identify for 30 gold pieces
  4885 | D:6      | Bought a scroll of enchant weapon for 112 gold pieces
  4885 | D:6      | Bought a scroll of enchant weapon for 112 gold pieces
  5118 | D:7      | Reached skill level 12 in Ranged Weapons
  5143 | D:7      | Noticed Maggie
  5157 | D:7      | Killed Maggie
  5351 | D:7      | Found a runed translucent door.
  5352 | D:7      | Noticed Crazy Yiuf
  5406 | D:7      | Reached *** piety under Okawaru
  5410 | D:7      | Reached XP level 10. HP: 44/60 MP: 10/10
  5675 | D:8      | Noticed Gastronok
  5692 | D:8      | Killed Gastronok
  5693 | D:8      | Reached skill level 1 in Long Blades
  5693 | D:8      | Reached skill level 13 in Ranged Weapons
  5693 | D:8      | Reached skill level 5 in Armour
  5751 | D:8      | Found an ornate altar of the Wu Jian Council.
  5752 | D:8      | Found a hazy altar of Hepliaklqana.
  5752 | D:8      | Found a bloodstained altar of Trog.
  5800 | D:8      | Found a transporter.
  5934 | D:8      | Found a transporter.
  5960 | D:8      | Reached skill level 1 in Invocations
  5983 | D:8      | Reached **** piety under Okawaru
  6070 | D:8      | Found a transporter.
  6072 | D:8      | Found a transporter.
  6111 | D:8      | Identified the +7 flail of Pykhefui {freeze, *Slow rCorr
                  | Dex+6 Stlth+}
  6296 | D:9      | Noticed a two-headed ogre
  6301 | D:9      | Killed a two-headed ogre
  6302 | D:9      | Reached skill level 14 in Ranged Weapons
  6324 | D:9      | Noticed Maurice
  6445 | D:9      | Killed Maurice
  6446 | D:9      | Reached XP level 11. HP: 56/67 MP: 9/11
  6452 | D:9      | Noticed a two-headed ogre
  6461 | D:9      | Killed a two-headed ogre
  6462 | D:9      | Reached skill level 1 in Maces & Flails
  6989 | D:9      | Found a staircase to the Orcish Mines.
  7096 | D:9      | Noticed a two-headed ogre
  7107 | D:9      | Killed a two-headed ogre
  8001 | D:9      | Noticed a centaur warrior
  8011 | D:9      | Killed a centaur warrior
  8012 | D:9      | Reached skill level 15 in Ranged Weapons
  8311 | D:10     | Entered Level 10 of the Dungeon
  8410 | D:10     | Reached ***** piety under Okawaru
  8766 | D:10     | Noticed a two-headed ogre
  8772 | D:10     | Killed a two-headed ogre
  8874 | D:10     | Noticed a cyclops
  8884 | D:10     | Killed a cyclops
  8884 | D:10     | Received a gift from Okawaru
  9216 | D:11     | Noticed a deep elf pyromancer
  9221 | D:11     | Killed a deep elf pyromancer
  9261 | D:11     | Identified the +1 pair of gloves of the Constellations
                  | {rPois rN+ Slay+3} (Okawaru gifted it to you on level 11 of
                  | the Dungeon)
  9261 | D:11     | Received a gift from Okawaru
  9388 | D:11     | Found a staircase to the Lair.
  9457 | D:11     | Noticed a cyclops
  9465 | D:11     | Killed a cyclops
  9466 | D:11     | Reached XP level 12. HP: 45/75 MP: 12/12
  9484 | D:11     | Reached skill level 16 in Ranged Weapons
  9643 | D:11     | Found Isoyt's Antique Armour Shoppe.
  9821 | D:11     | Identified a scroll of acquirement
  9824 | D:11     | Acquired the +3 longbow of the Thing {antimagic, Stlth+}
 10349 | D:12     | Acquired a +6 longbow of electrocution
 10479 | D:12     | Got the Incunabulum of Dhcmrlchtdj
 10486 | D:12     | Got the Compilation of Axaxaxas mlö
 10645 | D:12     | Got Ts'ui Pên's Secrets of Forking Paths
 10940 | D:12     | Identified the +7 dagger "Xaamoab" {holy, rN+ Will- SInv}
 10940 | D:12     | Noticed a two-headed ogre
 10943 | D:12     | Killed a two-headed ogre
 11127 | D:12     | Noticed a two-headed ogre
 11137 | D:12     | Killed a two-headed ogre
 11470 | Lair:1   | Entered Level 1 of the Lair of Beasts
 11563 | Lair:1   | Found an ornate altar of the Wu Jian Council.
 11567 | Lair:1   | Noticed Sonja
 11581 | Lair:1   | Killed Sonja
 11996 | Lair:1   | Reached skill level 17 in Ranged Weapons
 12448 | Lair:2   | Noticed a seven-headed hydra
 12457 | Lair:2   | Killed a seven-headed hydra
 12563 | Lair:2   | Reached XP level 13. HP: 81/81 MP: 14/14
 12819 | Lair:2   | Received a gift from Okawaru
 12840 | Lair:2   | Reached skill level 18 in Ranged Weapons
 12877 | Lair:2   | Found an ornate altar of the Wu Jian Council.
 12888 | Lair:2   | Reached skill level 10 in Fighting
 12979 | Lair:2   | Found a hide-covered altar of Uskayaw.
 13613 | Lair:3   | Reached skill level 1 in Shields
 13789 | Lair:3   | Found a staircase to the Swamp.
 13905 | Lair:3   | Found a hole to the Spider Nest.
 14168 | Lair:3   | Noticed Amaemon
 14198 | Lair:3   | Killed Amaemon
 14723 | Lair:4   | Identified the +0 double sword of Bodily Humours {venom,
                  | rPois rC+} (Okawaru gifted it to you on level 4 of the Lair
                  | of Beasts)
 14723 | Lair:4   | Received a gift from Okawaru
 14952 | Lair:4   | Found a staircase to the Slime Pits.
 14952 | Lair:4   | Noticed Urug
 14958 | Lair:4   | Killed Urug
 14960 | Lair:4   | Found a viscous altar of Jiyva.
 15189 | Lair:4   | Noticed Kirke
 15204 | Lair:4   | Killed Kirke
 15204 | Lair:4   | Reached ****** piety under Okawaru
 15331 | Lair:4   | Reached skill level 19 in Ranged Weapons
 15331 | Lair:4   | Gained mutation: Your large and strong wings let you fly.
                  | [Gargoyle growth]
 15331 | Lair:4   | Reached XP level 14. HP: 90/90 MP: 15/15
 15483 | Lair:5   | Entered Level 5 of the Lair of Beasts
 15483 | Lair:5   | Found a runed translucent door.
 15487 | Lair:5   | Noticed superbruh's ghost (journeyman GrEE)
 15497 | Lair:5   | Killed superbruh's ghost
 15534 | Lair:5   | Received a gift from Okawaru
 15557 | Lair:5   | Reached skill level 10 in Armour
 15721 | Lair:5   | Found the +10 Black Knight's barding {ponderous, rPois rN+}
 15927 | Lair:5   | Identified the +4 hat "Oclav" {rPois rF- Will+ Dex+3}
                  | (Okawaru gifted it to you on level 5 of the Lair of Beasts)
 15927 | Lair:5   | Received a gift from Okawaru
 16858 | Lair:5   | Reached skill level 5 in Shields
 17186 | Orc:1    | Entered Level 1 of the Orcish Mines
 17359 | Orc:2    | Entered Level 2 of the Orcish Mines
 17363 | Orc:2    | Found Uleocw's Antique Weapon Boutique.
 17534 | Orc:1    | Reached skill level 20 in Ranged Weapons
 17783 | Orc:1    | Reached XP level 15. HP: 54/97 MP: 16/16
 18003 | Orc:2    | Found a staircase to the Elven Halls.
 18306 | Orc:2    | Noticed an orc warlord
 18319 | Orc:2    | Killed an orc warlord
 18516 | Orc:2    | Found Xaonk's Antique Armour Boutique.
 18516 | Orc:2    | Found Higgargh's Jewellery Emporium.
 18603 | Orc:2    | Identified the +2 chain mail of Cegobit {rF+ rN+ Str+4}
                  | (Okawaru gifted it to you on level 2 of the Orcish Mines)
 18603 | Orc:2    | Received a gift from Okawaru
 18672 | Orc:2    | Found Vairot's General Store.
 18672 | Orc:2    | Found Aquoph's Antique Armour Emporium.
 18684 | Orc:2    | Bought a potion of curing for 54 gold pieces
 18684 | Orc:2    | Bought a scroll of poison for 72 gold pieces
 18684 | Orc:2    | Bought a scroll of magic mapping for 135 gold pieces
 19876 | D:13     | Found a gate to the Vaults.
 20916 | D:14     | Reached skill level 21 in Ranged Weapons
 21045 | D:14     | Received a gift from Okawaru
 21500 | D:15     | Entered Level 15 of the Dungeon
 21535 | D:15     | Identified the +2 ring mail of the Damp God {Will+}
 21543 | D:15     | Identified the +1 crystal plate armour "Ganoeh" {-Tele rF+
                  | Dex+3} (Okawaru gifted it to you on level 15 of the
                  | Dungeon)
 21543 | D:15     | Received a gift from Okawaru
 21670 | D:15     | Reached XP level 16. HP: 93/107 MP: 18/18
 21724 | D:15     | Found Sarhaq's Book Shoppe.
 21764 | D:15     | Acquired a manual of Maces & Flails
 21777 | D:15     | Found a frozen archway.
 21792 | IceCv    | Entered an ice cave
 21802 | IceCv    | Reached skill level 15 in Fighting
 22642 | IceCv    | HP: 1/108 [ironbound frostheart/creeping frost (12)]
 22643 | IceCv    | Slain by an ironbound frostheart

Illustrated notes

Levels and vault maps discovered:
D:1:      minmay_arrival_checkered_box, layout_basic, serial_bayou_lagoon_a,
          minmay_misc_feat_hallway, minivault_14
D:2:      layout_basic
D:3:      minmay_inner_zag, layout_loops_cross, jmf_multi_god_temple2
D:4:      layout_cave_pools, minmay_temple_entry_poolview, serial_shops,
          nicolae_shop_statue_plus, nicolae_shop_window_shopping
D:5:      layout_basic, nicolae_overflow_crystal_walls,
          nicolae_gozag_seed_capital, kennysheep_slug_shrine,
          reono_crystal_passage, uniq_menkaure, uniq_sigmund, uniq_eustachio
D:6:      layout_loops_ring, led_sif_pool, lemuel_tele_altar,
          nicolae_ossuary_entry_ruins, serial_shops, nicolae_shop_rolled_up,
          uniq_grinder
D:7:      layout_rooms, uniq_maggie, uniq_crazy_yiuf_cottage
D:8:      layout_cave_pools, chequers_temple_overflow_statue_of_worship,
          nicolae_transporter_circle, uniq_gastronok
D:9:      minmay_skewed_foursquare, layout_layer_cave, erik_orc_3, nrook_uturn,
          uniq_maurice
D:10:     layout_roguey, feat_on_display
D:11:     layout_grid_maze, due_lair_maze_entry_diamond, serial_shops, shop,
          hangedman_decor_lopped
D:12:     layout_basic, bh_hangedman_babel_library
D:13:     layout_long_grid, david_vaults_1
D:14:     layout_roguey, nicolae_cairo_tiling_very_big
D:15:     hangedman_depths_entry_civil_slaughter, layout_basic, serial_shops,
          nicolae_shop_tiny_waterfront, shop,
          portal_ice_cave_entry_ice_simulacra
Lair:1:   layout_gridlike, basic_altar, infiniplex_staircase_pool, uniq_sonja
Lair:2:   cheibrodos_lair_river_kwai, layout_cave_pods, minivault_25,
          nzn_masters_of_martial_movement
Lair:3:   layout_chaotic_city, palyth_hydra_swamp_entry,
          nicolae_spider_entry_non_spiders, uniq_amaemon
Lair:4:   layout_gridlike, minmay_slime_entry_pillars, grunt_megastairs_3,
          uniq_kirke, uniq_urug
Lair:5:   minmay_lair_end_frog_pond, layout_cellular_growth, special_room
          [special_room_mythical_zoo], ebering_ghost_reflecting_pool,
          st_stairs_11, lemuel_fruit_tree
Orc:1:    layout_caves, basic_altar
Orc:2:    st_orc_town, layout_diamond_mine, guppyfry_orc_lava_fort
IceCv:    ice_cave_small_giant

Skill      XL: |  1  2  3  4  5  6  7  8  9 10 11 12 13 14 15 16 |
---------------+-------------------------------------------------+-----
Ranged Weapons | 5 6 7 8 10 12 14 15 17 19 20 21 | 21.1
Armour         | 1 2 4 5 7 8 9 11 12 | 12.2
Fighting       | 3 4 5 7 8 9 11 12 14 15 | 15.6
Long Blades    | 1 |  1.3
Invocations    | 1 2 |  2.9
Maces & Flails | 3 |  3.3
Shields        | 3 5 6 |  6.5
Dodging        | |  1.8
Stealth        | |  1.1

Action                     |  1- 3 |  4- 6 |  7- 9 | 10-12 | 13-15 | 16-18 || total
---------------------------+-------+-------+-------+-------+-------+-------++-------
  Melee: Long sword        |       |       |    26 |     1 |       |       ||    27
         Flail             |       |       |       |    63 |     6 |       ||    69
   Fire: Shortbow          |    87 |   131 |   338 |   339 |       |       ||   895
         Longbow           |       |       |       |   142 |  1059 |   190 ||  1391
 Invoke: Heroism           |       |       |     7 |     6 |    17 |     5 ||    35
    Use: Scroll            |       |     3 |    12 |     9 |     6 |     4 ||    34
         Potion            |       |       |     1 |     9 |     5 |     2 ||    17
 Armour: Leather armour    |     4 |       |       |       |       |       ||     4
         Chain mail        |    49 |   117 |   329 |   301 |   500 |   189 ||  1485
  Dodge: Dodged            |    35 |    56 |   143 |   173 |   338 |    98 ||   843
  Block: Other             |       |       |       |       |   151 |    50 ||   201
         Reflection        |       |       |       |       |     3 |     1 ||     4
